 Dungeon Crawl Stone Soup version 0.30-a0-354-g6b83867211 (webtiles) character file.

Game seed: 5364490169614770023

128 ytrimaz the Slasher (level 5, -3/41 HPs)
             Began as a Formicid Fighter on Nov 7, 2022.
             Slain by an orc
             ... wielding a +1 hand axe of distortion
              (4 damage)
             ... on level 3 of the Dungeon.
             The game lasted 00:02:13 (2145 turns).

ytrimaz the Slasher (Formicid Fighter)              Turns: 2145, Time: 00:02:13

Health: -3/41      AC: 12    Str: 20    XL:     5   Next: 33%
Magic:  5/5        EV: 10    Int:  8    God:
Gold:   159        SH:  5    Dex: 15    Spells: 4/4 levels left

rFire   . . .      SeeInvis +    a - +0 long sword
rCold   . . .      Faith    .    c - +0 buckler
rNeg    . . .      Spirit   .    f - +3 ring mail
rPois   .          Reflect  .    (helmet unavailable)
rElec   .          Harm     .    g - +0 cloak
rCorr   .          Rampage  .    n - +0 pair of gloves
Will    .....                    d - +0 pair of boots
Stlth   +.........               (no amulet)
HPRegen 0.26/turn                (no ring)
MPRegen 0.09/turn                (no ring)

@: no status effects
A: permanent stasis, dig shafts and tunnels, antennae 3, four strong arms
a: Dig, Shaft Self


You were on level 3 of the Dungeon.
You visited 1 branch of the dungeon, and saw 3 of its levels.

You collected 159 gold pieces.


Innate Abilities, Weirdness & Mutations

You cannot be hasted, slowed, berserked, paralysed or teleported.
You can dig through walls and to a lower floor.
You have a pair of large antennae on your head. (SInv)
Your four strong arms can wield two-handed weapons with a shield.


   Skills:
 - Level 3.2 Fighting
 + Level 5.1 Long Blades
 - Level 3.2 Armour
 - Level 4.0 Shields


You had 4 spell levels left.
You didn't know any spells.
Your spell library contained the following spells:

 Spells                   Type           Power      Damage    Failure   Level
 Ozocubu's Armour         Ice            0%         N/A       95%         3
 Metabolic Englaciation   Hex/Ice        0%         N/A       100%        5
 Simulacrum               Ice/Necr       0%         N/A       100%        6

Inventory:

Hand Weapons
 a - a +0 long sword (weapon)
Armour
 c - a +0 buckler (worn)
 d - a +0 pair of boots (worn)
   (You found it on level 1 of the Dungeon)
 f - a +3 ring mail (worn)
   (You found it on level 1 of the Dungeon)
 g - a +0 cloak (worn)
   (You found it on level 1 of the Dungeon)
 n - a +0 pair of gloves (worn)
   (You found it on level 2 of the Dungeon)
Jewellery
 q - a ring of willpower
   (You found it on level 3 of the Dungeon)
Scrolls
 e - a scroll of noise
 h - a scroll of immolation
Potions
 i - 3 potions of curing
 j - a potion of mutation
 k - 3 potions of might
 l - a potion of haste {unknown}
 m - 2 potions of heal wounds
 o - a potion of magic {unknown}
 p - a potion of flight {unknown}

Dungeon Overview and Level Annotations

Branches:
Dungeon (3/15) Zot: 15814

Altars:

Annotations:
D:1 1 transporter

...# .#.# .#.# .#.# # ##.#
.# #.# #'## ##.# ##...##
...# #.#.#######.....## ####
#....>.o@........## #######
##...####o........###
................'.........'.
##########.....##.........#
# #..## ##.......# #
#......## # #.#...## #
...##'## # ######.######


You could see an orc priest and an orc.


Message History

😕 HP[+5] MP[+1]
You now have 41 max hp (+6).
You regained 5 hp, and now have 34/41 hp.
Your mp is fully restored (5).
Items here: )) [[ †. 😎 HP[+7]
Your hp is fully restored (41).
You now have 129 gold pieces (gained 7).
Key pressed, stopping explore.
q - a ring of willpower You now have 145 gold pieces (gained 16).
You now have 159 gold pieces (gained 14).
Key pressed, stopping explore.
You open the door.
There is an open door here.
You open the door.
There is an open door here.
There is an open door here.
Key pressed, stopping explore.
You open the door.
There is an open door here.
You see here a +0 dagger.
Found a stone staircase leading up.
There is a stone staircase leading up here.
You sense a monster nearby.
A hobgoblin comes into view.
A hobgoblin is nearby!
You slash the hobgoblin!
You kill the hobgoblin!
Found an escape hatch in the ceiling.
There is an escape hatch in the ceiling here.
You open the door.
A worm comes into view.
A worm is nearby!
A worm is nearby!
There is an open door here.
You slash the worm! The worm bites you. 😕 HP[-6]
You take 6 damage, and now have 35/41 hp.
You barely miss the worm. You block the worm's attack.
You hit the worm. 😕 HP[+1]
You slash the worm!
You kill the worm!
No target in view!
No target in view!
No target in view!
No target in view!
No target in view!
No target in view!
No target in view!
No target in view!
As you open the door, it creaks loudly! 😎 HP[+5]
Your hp is fully restored (41).
There is an open door here.
Key pressed, stopping explore.
Found a stone staircase leading up.
r - a scroll of identify Key pressed, stopping explore.
There is an open door here.
Key pressed, stopping explore.
An orc comes into view.
It is wielding a +1 hand axe of distortion.
Found a stone staircase leading down.
The orc shouts!
The orc moves out of view.
An orc comes into view. It is wielding a +0 club.
As you read the scroll of identify, it crumbles to dust.
b - a potion of berserk rage The orc shouts!
You hear a shout! x2
An orc comes into view. It is wielding a +0 club.
The orc shouts!
An orc priest comes into view. It is wielding a +0 war axe.
Okay, then.
You drop a potion of berserk rage.
You block the orc's attack.
You slash the orc!
You kill the orc!
You block the orc's attack.
You hit the orc. The orc hits you but does no damage.
You hit the orc.
You kill the orc!
You block the orc's attack.
You slash the orc priest! You block the orc priest's attack.
The orc barely misses you.
Unknown command.
You hit the orc. The orc priest barely misses you.
The orc hits you but does no damage. Space warps around you. 😕 HP[-6]
You take 6 damage, and now have 35/41 hp.
You completely miss the orc.
The orc priest mumbles some strange prayers to Beogh against you.
Beogh smites you!
The orc hits you with a +1 hand axe of distortion.
* * * LOW HITPOINT WARNING * * *
Space warps horribly around you!
* * * LOW HITPOINT WARNING * * *
The orc hits you with a +1 hand axe of distortion.
* * * LOW HITPOINT WARNING * * *
Space warps around you.
You die...

Skill      XL: |  1  2  3  4 |
---------------+-------------+-----
Long Blades    | 3 4 5 |  5.1
Fighting       | |  3.2
Armour         | |  3.2
Shields        | |  4.0

Action                   |  1- 3 |  4- 6 || total
-------------------------+-------+-------++-------
Melee: Long sword        |    76 |    90 ||   166
  Use: Potion            |     1 |       ||     1
       Scroll            |       |     6 ||     6
Armor: Scale mail        |     5 |       ||     5
       Ring mail         |    46 |    45 ||    91
Dodge: Dodged            |    44 |    58 ||   102
Block: Buckler           |    24 |    29 ||    53

Levels and vault maps discovered:
D:1:      spicycebolla_arrival_risky_transporter, layout_rooms, grunt_decor_cap,
          fountainhead, glass_columns_c
D:2:      layout_basic, grunt_decor_mini_mirrors,
          chequers_serial_rivers_micro_c, glass_columns_a
D:3:      minmay_roachtagon, layout_loops_corners,
          chequers_temple_overflow_minitemple, kennysheep_generic_room_10

Notes
Turn   | Place    | Note
-------+----------+-------------------------------------------
     0 | D:1      | ytrimaz the Formicid Fighter began the quest for the Orb.
     0 | D:1      | Reached XP level 1. HP: 18/18 MP: 1/1
     0 | D:1      | magus.rc [v1.9.6]
   132 | D:1      | Reached XP level 2. HP: 24/24 MP: 2/2
   292 | D:1      | Reached skill level 3 in Long Blades
   320 | D:1      | HP: 6/24 [poisoned by a kobold]
   323 | D:1      | HP: 2/24 [poisoned by a kobold]
   598 | D:1      | Reached XP level 3. HP: 29/29 MP: 3/3
   789 | D:2      | You pick up a book of Winter and begin reading...
   789 | D:2      | You add the spells Ozocubu's Armour, Metabolic Englaciation
                  | and Simulacrum to your library.
  1098 | D:2      | Reached skill level 4 in Long Blades
  1098 | D:2      | Reached XP level 4. HP: 34/35 MP: 4/4
  1759 | D:3      | Reached skill level 5 in Long Blades
  1759 | D:3      | Reached XP level 5. HP: 34/41 MP: 5/5
  2145 | D:3      | HP: 3/41 [orc/+1 hand axe of distortion (16)]
  2145 | D:3      | HP: 1/41 [orc/+1 hand axe of distortion (2)]
  2145 | D:3      | Slain by an orc

Vanquished Creatures
  An orc wizard (D:3)
  3 adders (D:2)
  A worm (D:3)
  11 orcs (D:3)
  3 endoplasms
  12 giant cockroaches
  6 goblins
  3 hobgoblins
  2 kobolds
  2 quokkas
  3 ball pythons
  4 bats (D:1)
  A frilled lizard (D:2)
  2 rats (D:1)
54 creatures vanquished.

Table legend:
 A = Non-vault XP
 B = Vault XP
 C = Vault XP percentage of total XP
 D = Non-vault monster count
 E = Vault monster count
 F = Vault count percentage of total count
                 A         B        C        D         E       F
            +---------+---------+-------+---------+---------+-------
      Total |     160 |      23 |  12.6 |      43 |      11 |  20.4
            +---------+---------+-------+---------+---------+-------
        D:1 |      30 |       0 |   0.0 |      19 |       0 |   0.0
        D:2 |      52 |       0 |   0.0 |       9 |       0 |   0.0
        D:3 |      78 |      23 |  22.8 |      15 |      11 |  42.3
            +---------+---------+-------+---------+---------+-------

Illustrated notes

Table legend:
 A = Kills in this place as a percentage of kills in entire the game.
 B = Kills by you in this place as a percentage of kills by you in the entire game.
 C = Kills by friends in this place as a percentage of kills by friends in the entire game.
 D = Other kills in this place as a percentage of other kills in the entire game.
 E = Experience gained in this place as a percentage of experience gained in the entire game.
 F = Experience gained in this place divided by the number of levels of this place that you have seen.
                   A       B       C       D       E      F
               +-------+-------+-------+-------+-------+----------------------
         Total | 100.0 | 100.0 |   N/A |   N/A | 100.0 |  61.0
       Dungeon | 100.0 | 100.0 |   N/A |   N/A | 100.0 |  61.0
               +-------+-------+-------+-------+-------+----------------------

Table legend: (Time is in decaauts)
 A = Elapsed time spent in this place.
 B = Non-inter-level travel time spent in this place.
 C = Inter-level travel time spent in this place.
 D = Time resting spent in this place.
 E = Time spent auto-exploring this place.
 F = Levels seen in this place.
 G = Mean time per level.
                   A        B        C        D        E       F      G
               +--------+--------+--------+--------+--------+-----+--------+
         Total |   2184 |   2150 |     34 |    100 |   1623 |   3 |  728.0 |
       Dungeon |   2184 |   2150 |     34 |    100 |   1623 |   3 |  728.0 |
               +--------+--------+--------+--------+--------+-----+--------+

Top non-repeatable levels by time:
     D:3: 789 daAuts
     D:2: 704 daAuts
     D:1: 690 daAuts
